 Dungeon Crawl Stone Soup version 0.21-a0-351-g38363bb (webtiles) character file.

8648 terra52 the Infuser (level 11, -5/85 HPs)
             Began as a Gnoll Skald on Oct 9, 2017.
             Was an Initiate of Gozag.
             Slain by a manticore (12 damage)
             ... on level 2 of the Lair of Beasts.
             The game lasted 00:40:36 (7631 turns).

terra52 the Infuser (Gnoll Skald)                   Turns: 7631, Time: 00:40:36

Health: -5/85      AC:  9    Str: 21    XL:     11   Next: 34%
Magic:  0/14       EV: 23    Int: 16    God:    Gozag
Gold:   588        SH:  7    Dex: 27    Spells: 5/26 levels left

rFire    + + .     SeeInvis .   W - +4 hand axe of Extinguishment {drain, rF+ MP-9 Dex+7}
rCold    + . .     Gourm    .   k - +0 buckler
rNeg     . . .     Faith    +   m - +0 ring mail
rPois    +         Spirit   .   q - +0 helmet
rElec    +         Reflect  .   (no cloak)
rCorr    +         Harm     .   L - +0 pair of gloves
MR       .....                  (no boots)
Stlth    ++++......             V - amulet of faith
HPRegen  0.24/turn              (no ring)
MPRegen  0.14/turn              F - ring of wizardry

@: mighty, agile, resistant, infused, singing, barbed spikes, gold aura, hasted,
very quick
A: distributed training, fangs 1, strong nose
a: Potion Petition, Call Merchant, Bribe Branch, Renounce Religion


You were on level 2 of the Lair of Beasts.
You worshipped Gozag.
Gozag was pleased with you.
You were not hungry.

You visited 4 branches of the dungeon, and saw 15 of its levels.
You also visited: Ossuary.

You collected 1413 gold pieces.
You spent 633 gold pieces at shops.
You paid 192 gold pieces to Gozag.

Inventory:

Hand Weapons
 a - a +0 spear
 r - a +2 whip of electrocution
 R - a +0 hand crossbow
 W - the +4 hand axe of Extinguishment (weapon) {drain, rF+ MP-9 Dex+7}
   (You bought it in a shop on level 1 of the Orcish Mines)

   A truly terrible weapon, it drains the life of those it strikes.
   It affects your dexterity (+7).
   It protects you from fire.
   It affects your magic capacity (-9).
Missiles
 D - 3 tomahawks
 P - 6 javelins (quivered)
Armour
 b - a +0 leather armour
 k - a +0 buckler (worn)
 m - a +0 ring mail (worn)
 q - a +0 helmet (worn)
 v - a +0 chain mail of fire resistance
 L - a +0 pair of gloves (worn)
Jewellery
 h - an uncursed amulet of guardian spirit
 A - an uncursed ring of protection from cold
 F - a ring of wizardry (right hand)
 V - an amulet of faith (around neck)
Wands
 T - a wand of lightning (5/15)
Scrolls
 e - 3 scrolls of fear {unknown}
 f - 6 scrolls of enchant armour {unknown}
 l - a scroll of random uselessness {unknown}
 n - 8 scrolls of identify
 p - a scroll of immolation {unknown}
 t - a scroll of blinking {unknown}
 w - 6 scrolls of teleportation
 E - a scroll of enchant weapon {unknown}
 M - a scroll of summoning {unknown}
 O - a scroll of noise {unknown}
 S - a scroll of brand weapon {unknown}
 U - 2 scrolls of remove curse
 X - a scroll of acquirement {unknown}
Potions
 i - a potion of lignification {unknown}
 j - a potion of cancellation {unknown}
 o - 7 potions of curing
 s - a potion of ambrosia {unknown}
 x - a potion of flight
 z - 3 potions of heal wounds {unknown}
 C - a potion of haste {unknown}
 H - 4 potions of brilliance {unknown}
 I - a potion of degeneration {unknown}
 J - 4 potions of might
 K - 2 potions of mutation {unknown}
 N - 2 potions of agility {unknown}
 Q - 2 potions of resistance {unknown}
Books
 c - a book of Battle

   Spells                             Type                      Level
   a - Infusion                       Charms                       1
   b - Shroud of Golubria             Charms/Translocation         2
   c - Song of Slaying                Charms                       2
   d - Spectral Weapon                Hexes/Charms                 3
   e - Regeneration                   Charms/Necromancy            3
 u - a book of Changes

   Spells                             Type                      Level
   a - Beastly Appendage              Transmutation                1
   b - Sticks to Snakes               Transmutation                2
   c - Spider Form                    Transmutation/Poison         3
   d - Ice Form                       Ice/Transmutation            4
   e - Blade Hands                    Transmutation                5
 y - a book of Minor Magic

   Spells                             Type                      Level
   a - Magic Dart                     Conjuration                  1
   b - Blink                          Translocation                2
   c - Call Imp                       Summoning                    2
   d - Slow                           Hexes                        2
   e - Conjure Flame                  Conjuration/Fire             3
   f - Mephitic Cloud                 Conjuration/Poison/Air       3
 B - a book of Cantrips

   Spells                             Type                      Level
   a - Confusing Touch                Hexes                        1
   b - Animate Skeleton               Necromancy                   1
   c - Summon Small Mammal            Summoning                    1
   d - Apportation                    Translocation                1
 G - a book of Callings

   Spells                             Type                      Level
   a - Summon Small Mammal            Summoning                    1
   b - Call Imp                       Summoning                    2
   c - Call Canine Familiar           Summoning                    3
   d - Summon Guardian Golem          Hexes/Summoning              3
   e - Summon Lightning Spire         Summoning/Air                4
   f - Summon Ice Beast               Ice/Summoning                4
Comestibles
 d - 12 bread rations
 g - 7 meat rations


   Skills:
 + Level 7.7 Fighting
 + Level 6.1 Short Blades
 + Level 6.1 Long Blades
 + Level 6.1 Axes
 + Level 6.1 Maces & Flails
 + Level 7.7 Polearms
 + Level 6.1 Staves
 + Level 6.1 Slings
 + Level 6.1 Bows
 + Level 6.1 Crossbows
 + Level 6.1 Throwing
 + Level 6.7 Armour
 + Level 7.7 Dodging
 + Level 6.1 Stealth
 + Level 6.1 Shields
 + Level 6.1 Unarmed Combat
 + Level 8.0 Spellcasting
 + Level 6.1 Conjurations
 + Level 6.1 Hexes
 + Level 9.0 Charms
 + Level 6.1 Summonings
 + Level 6.1 Necromancy
 + Level 6.1 Translocations
 + Level 6.1 Transmutations
 + Level 6.1 Fire Magic
 + Level 6.1 Ice Magic
 + Level 6.1 Air Magic
 + Level 6.1 Earth Magic
 + Level 6.1 Poison Magic
   Level 6.1 Invocations
 + Level 6.1 Evocations


You had 5 spell levels left.
You knew the following spells:

 Your Spells              Type           Power        Failure   Level  Hunger
a - Infusion              Chrm           ####         1%          1    None
b - Regeneration          Chrm/Necr      ####......   1%          3    ##.....
c - Shroud of Golubria    Chrm/Tloc      ####......   1%          2    None
d - Spectral Weapon       Hex/Chrm       ####....     1%          3    ##.....
e - Song of Slaying       Chrm           #####...     1%          2    None
f - Call Imp              Summ           ####....     1%          2    None
g - Blink                 Tloc           N/A          1%          2    None
h - Summon Guardian Gole  Hex/Summ       ####....     1%          3    ##.....
i - Mephitic Cloud        Conj/Pois/Air  ####....     1%          3    ##.....


Dungeon Overview and Level Annotations

Branches:
Dungeon (11/15)            Temple (1/1) D:7            Lair (2/6) D:10
 Shoals (0/4) Lair:2          Orc (1/2) D:9
  Snake: Lair:2-4    Spider: Lair:2-4

Altars:
Cheibriados
Elyvilon
Fedhas
Gozag
Okawaru
Qazlal
Ru
Uskayaw
Zin

Shops:
Orc:1 *

Annotations:
D:2 Sigmund


Innate Abilities, Weirdness & Mutations

Your experience applies equally to all skills.
You have very sharp teeth.
Your uncanny sense of smell can sniff out nearby items.


Message History

[b] - 0 gold - haste, resistance, might, agility and brilliance [c] - 0 gold - haste, agility and flight Purchase which effect?
You feel yourself speed up.
You feel protected.
You feel very mighty all of a sudden.
You feel agile all of a sudden. The manticore closely misses you.
The manticore misses you. The manticore closely misses you.
The yak is distracted by the nearby gold.
The yak bellows!
You hit the manticore. You drain the manticore!
The manticore is severely wounded.
The manticore barely misses you. The manticore completely misses you.
The manticore misses you.
You slash the manticore!
The manticore is almost dead.
The yak is no longer distracted by gold.
The manticore bites you!
You die...
Your body crumbles into a pile of gold.

$ #.# ... ... ... ..
.... ... ..>.. ##..
#... #... #..
#.....####.##Y#
#.....+....@H#
#......#....#Y#
##.....###...##Y.
#P.....# #...# P...
##.....###.#.# ....P
#P.....##..### ....P
##....<.P#.+#P.## ....
.......................
.#####P###.##.#.###


You could see a manticore and 3 yaks.

Vanquished Creatures
  2 two-headed ogres (D:10)
  2 kobold demonologists
  A troll (Orc:1)
  A merfolk (D:10)
  3 hippogriffs
  5 yaks
  A wraith (D:9)
  3 hungry ghosts
  2 wargs (Orc:1)
  A two-headed ogre zombie (D:9)
  A porcupine (Lair:1)
  A water moccasin (D:10)
  3 orc warriors
  An ice beast (D:5)
  A black bear (D:6)
  A phantom (D:9)
  3 sky beasts
  4 ogres
  4 centaurs
  A crocodile (Lair:1)
  A gnoll sergeant (D:8)
  4 bullfrogs
  6 scorpions
  3 troll zombies (D:9)
  7 killer bees
  A howler monkey (D:10)
  A vampire bat (D:5)
  3 crimson imps
  2 bullfrog zombies
  5 hounds
  8 orc wizards
  A bullfrog skeleton (D:9)
  4 orc priests
  4 iguanas
  5 worker ants
  4 ogre zombies (D:9)
  A hound skeleton (D:6)
  8 mummies (Ossuary)
  7 gnolls
  2 worker ant zombies
  3 howler monkey skeletons
  5 adders
  A shadow imp (D:8)
  An ooze (D:1)
  An adder zombie (D:6)
  A dart slug (D:4)
  3 fire bats (D:5)
  3 leopard geckos
  35 orcs
  2 spectral bats (D:5)
  3 bat skeletons (D:5)
  A bat zombie (D:5)
  6 giant cockroaches
  2 gnoll zombies (Ossuary)
  A goblin (D:2)
  7 hobgoblins
  4 jackals (D:1)
  8 quokkas
  13 bats
  A bat simulacrum (D:5)
  5 frilled lizards
  3 goblin skeletons (D:9)
  A goblin zombie (D:9)
  8 hobgoblin zombies
  A jackal skeleton (D:5)
  4 kobolds
  2 kobold zombies (Ossuary)
  A leopard gecko skeleton (D:5)
  An orc skeleton (D:9)
  16 orc zombies
  A quokka skeleton (D:5)
  A quokka zombie (D:5)
  3 rats
266 creatures vanquished.

Vanquished Creatures (others)
  9 plants (D:10)
  2 spectral weapons
11 creatures vanquished.

Grand Total: 277 creatures vanquished

Notes
Turn   | Place    | Note
-------+----------+-------------------------------------------
     0 | D:1      | terra52 the Gnoll Skald began the quest for the Orb.
     0 | D:1      | Reached XP level 1. HP: 20/20 MP: 6/6
   138 | D:1      | Reached XP level 2. HP: 26/26 MP: 1/7
   420 | D:2      | Noticed Sigmund
   607 | D:1      | Reached XP level 3. HP: 31/31 MP: 5/9
   634 | D:1      | Reached skill level 5 in Spellcasting
   764 | D:2      | Learned a level 3 spell: Regeneration
   767 | D:2      | Learned a level 2 spell: Shroud of Golubria
   771 | D:2      | Learned a level 3 spell: Spectral Weapon
   774 | D:2      | Learned a level 2 spell: Song of Slaying
   846 | D:2      | Reached skill level 1 in Short Blades
   846 | D:2      | Reached skill level 1 in Long Blades
   846 | D:2      | Reached skill level 1 in Axes
   846 | D:2      | Reached skill level 1 in Maces & Flails
   846 | D:2      | Reached skill level 1 in Staves
   846 | D:2      | Reached skill level 1 in Slings
   846 | D:2      | Reached skill level 1 in Bows
   846 | D:2      | Reached skill level 1 in Crossbows
   846 | D:2      | Reached skill level 1 in Throwing
   846 | D:2      | Reached skill level 1 in Stealth
   846 | D:2      | Reached skill level 1 in Shields
   846 | D:2      | Reached skill level 1 in Unarmed Combat
   846 | D:2      | Reached skill level 1 in Conjurations
   846 | D:2      | Reached skill level 1 in Hexes
   846 | D:2      | Reached skill level 1 in Summonings
   846 | D:2      | Reached skill level 1 in Necromancy
   846 | D:2      | Reached skill level 1 in Translocations
   846 | D:2      | Reached skill level 1 in Transmutations
   846 | D:2      | Reached skill level 1 in Fire Magic
   846 | D:2      | Reached skill level 1 in Ice Magic
   846 | D:2      | Reached skill level 1 in Air Magic
   846 | D:2      | Reached skill level 1 in Earth Magic
   846 | D:2      | Reached skill level 1 in Poison Magic
   846 | D:2      | Reached skill level 1 in Invocations
   846 | D:2      | Reached skill level 1 in Evocations
   846 | D:2      | Reached XP level 4. HP: 18/38 MP: 1/11
  1109 | D:5      | Entered Level 5 of the Dungeon
  1160 | D:4      | Reached XP level 5. HP: 22/43 MP: 0/12
  1357 | D:4      | Learned a level 2 spell: Call Imp
  1430 | D:5      | Reached XP level 6. HP: 40/50 MP: 0/13
  1520 | D:5      | Reached skill level 5 in Fighting
  1520 | D:5      | Reached skill level 5 in Polearms
  1520 | D:5      | Reached skill level 5 in Dodging
  1880 | D:4      | Learned a level 2 spell: Blink
  2129 | D:4      | Reached XP level 7. HP: 56/56 MP: 11/15
  2231 | D:4      | Reached skill level 7 in Charms
  2679 | D:5      | Reached XP level 8. HP: 60/63 MP: 9/16
  3027 | D:6      | Learned a level 3 spell: Summon Guardian Golem
  3377 | D:6      | Found a blossoming altar of Fedhas.
  3610 | D:8      | Noticed a hippogriff
  3616 | D:8      | Reached XP level 9. HP: 54/69 MP: 13/18
  3683 | D:8      | Found a sand-covered staircase.
  3702 | Ossuary  | Entered an ossuary
  3998 | D:8      | Reached skill level 5 in Armour
  4025 | D:8      | Noticed a two-headed ogre
  4375 | D:7      | Found a staircase to the Ecumenical Temple.
  4381 | Temple   | Entered the Ecumenical Temple
  4456 | Temple   | Became a worshipper of Ru the Awakened
  4554 | D:7      | Reached skill level 8 in Charms
  4629 | Temple   | Fell from the grace of Ru
  4629 | Temple   | Became a worshipper of Gozag Ym Sagoz the Greedy
  5143 | D:8      | Noticed a kobold demonologist
  5155 | D:8      | Killed a kobold demonologist
  5320 | D:8      | Reached XP level 10. HP: 74/77 MP: 14/20
  5500 | D:9      | Noticed a kobold demonologist
  5512 | D:9      | Killed a kobold demonologist
  5533 | D:9      | Found a staircase to the Orcish Mines.
  5559 | D:9      | Reached skill level 5 in Short Blades
  5559 | D:9      | Reached skill level 5 in Long Blades
  5559 | D:9      | Reached skill level 5 in Axes
  5559 | D:9      | Reached skill level 5 in Maces & Flails
  5559 | D:9      | Reached skill level 5 in Staves
  5559 | D:9      | Reached skill level 5 in Slings
  5559 | D:9      | Reached skill level 5 in Bows
  5559 | D:9      | Reached skill level 5 in Crossbows
  5559 | D:9      | Reached skill level 5 in Throwing
  5559 | D:9      | Reached skill level 5 in Stealth
  5559 | D:9      | Reached skill level 5 in Shields
  5559 | D:9      | Reached skill level 5 in Unarmed Combat
  5559 | D:9      | Reached skill level 5 in Conjurations
  5559 | D:9      | Reached skill level 5 in Hexes
  5559 | D:9      | Reached skill level 5 in Summonings
  5559 | D:9      | Reached skill level 5 in Necromancy
  5559 | D:9      | Reached skill level 5 in Translocations
  5559 | D:9      | Reached skill level 5 in Transmutations
  5559 | D:9      | Reached skill level 5 in Fire Magic
  5559 | D:9      | Reached skill level 5 in Ice Magic
  5559 | D:9      | Reached skill level 5 in Air Magic
  5559 | D:9      | Reached skill level 5 in Earth Magic
  5559 | D:9      | Reached skill level 5 in Poison Magic
  5559 | D:9      | Reached skill level 5 in Invocations
  5559 | D:9      | Reached skill level 5 in Evocations
  6065 | Orc:1    | Entered Level 1 of the Orcish Mines
  6099 | Orc:1    | Found Qulovouw's General Store.
  6123 | Orc:1    | Noticed an orc knight
  6351 | D:9      | Learned a level 3 spell: Mephitic Cloud
  6448 | Orc:1    | Bought the +4 hand axe of Extinguishment {drain, rF+ MP-9 Dex+7} for 633 gold pieces
  6571 | D:10     | Entered Level 10 of the Dungeon
  6571 | D:10     | Noticed a two-headed ogre
  6909 | D:10     | Noticed a two-headed ogre
  6921 | D:10     | Killed a two-headed ogre
  6945 | D:10     | Found a staircase to the Lair.
  7010 | D:10     | Reached XP level 11. HP: 58/84 MP: 6/22
  7241 | D:10     | Killed a two-headed ogre
  7241 | D:10     | Reached skill level 9 in Charms
  7397 | Lair:1   | Entered Level 1 of the Lair of Beasts
  7612 | Lair:2   | Noticed a manticore
  7613 | Lair:2   | Found a staircase to the Shoals.
  7631 | Lair:2   | Slain by a manticore

Vault maps used:
D:1:      matt_arrival_diagonals
D:2:      chequers_ecumenical_altar_twisty, uniq_sigmund, uniq_robin
D:4:      first_bread, palyth_stone_intersect
D:5:      hangedman_glass_teeth, goddamned_bats
D:6:      fedhas_altar_1
D:7:      lemuel_ice_spiral_2, minmay_temple_entry_fiery
D:8:      nicolae_ossuary_entry_ruins
D:9:      zombieorc2_lemuel
D:10:     statuecave_lemuel, david_lair_shrubbed, hangedman_fish_farm
D:11:     enter_trove_0, minmay_beelzebubs_servants
Temple:   roderic_octagonal_lattice_temple
Lair:2:   minmay_shoals_entry_beasts, minmay_snake_entry_six_corridors
Orc:1:    serial_shops, shop
Ossuary:  ossuary_tomb_3

Skill      XL: |  1  2  3  4  5  6  7  8  9 10 11 |
---------------+----------------------------------+-----
Spellcasting   | 5 6 7 8 |  8.0
Short Blades   | 1 2 3 4 5 6 |  6.1
Long Blades    | 1 2 3 4 5 6 |  6.1
Axes           | 1 2 3 4 5 6 |  6.1
Maces & Flails | 1 2 3 4 5 6 |  6.1
Staves         | 1 2 3 4 5 6 |  6.1
Slings         | 1 2 3 4 5 6 |  6.1
Bows           | 1 2 3 4 5 6 |  6.1
Crossbows      | 1 2 3 4 5 6 |  6.1
Throwing       | 1 2 3 4 5 6 |  6.1
Stealth        | 1 2 3 4 5 6 |  6.1
Shields        | 1 2 3 4 5 6 |  6.1
Unarmed Combat | 1 2 3 4 5 6 |  6.1
Conjurations   | 1 2 3 4 5 6 |  6.1
Hexes          | 1 2 3 4 5 6 |  6.1
Summonings     | 1 2 3 4 5 6 |  6.1
Necromancy     | 1 2 3 4 5 6 |  6.1
Translocations | 1 2 3 4 5 6 |  6.1
Transmutations | 1 2 3 4 5 6 |  6.1
Fire Magic     | 1 2 3 4 5 6 |  6.1
Ice Magic      | 1 2 3 4 5 6 |  6.1
Air Magic      | 1 2 3 4 5 6 |  6.1
Earth Magic    | 1 2 3 4 5 6 |  6.1
Poison Magic   | 1 2 3 4 5 6 |  6.1
Invocations    | 1 2 3 4 5 6 |  6.1
Evocations     | 1 2 3 4 5 6 |  6.1
Armour         | 3 4 5 6 |  6.7
Fighting       | 5 6 7 |  7.7
Polearms       | 5 6 7 |  7.7
Dodging        | 5 6 7 |  7.7
Charms         | 7 8 9 |  9.0

Action                   |  1- 3 |  4- 6 |  7- 9 | 10-12 || total
-------------------------+-------+-------+-------+-------++-------
Melee: Spear             |    72 |   191 |       |       ||   263
       Bite              |     7 |    18 |    36 |    50 ||   111
       Whip              |       |    26 |   356 |   179 ||   561
       Punch             |       |       |     5 |     1 ||     6
       Hand axe          |       |       |       |   161 ||   161
Throw: Javelin           |       |       |       |     4 ||     4
 Cast: Infusion          |    11 |    15 |    22 |    19 ||    67
       Regeneration      |       |     2 |    13 |    26 ||    41
       Call Imp          |       |     1 |       |       ||     1
       Spectral Weapon   |       |       |     1 |     8 ||     9
       Song of Slaying   |       |       |     2 |     7 ||     9
       Shroud of Golubri |       |       |       |     5 ||     5
       Mephitic Cloud    |       |       |       |     3 ||     3
       Blink             |       |       |       |     1 ||     1
       Summon Guardian G |       |       |       |     1 ||     1
Invok: Potion Petition   |       |       |       |     1 ||     1
  Use: Scroll            |       |       |     5 |     2 ||     7
       Potion            |       |       |       |     2 ||     2
 Stab: Sleeping          |     1 |     3 |     4 |     1 ||     9
       Distracted        |       |       |       |     7 ||     7
  Eat: Chunk             |       |     5 |    10 |       ||    15
       Fruit             |       |       |     2 |     5 ||     7
       Royal jelly       |       |       |     1 |     2 ||     3
       Meat ration       |       |       |       |     1 ||     1
Armor: Leather armour    |    11 |       |       |       ||    11
       Ring mail         |     2 |   105 |    91 |    91 ||   289
Dodge: Dodged            |    36 |   208 |   217 |   198 ||   659
Block: Buckler           |       |       |       |    67 ||    67

Table legend:
 A = Spawn XP
 B = Non-spawn XP
 C = Spawn XP percentage of total XP
 D = Spawn monster count
 E = Non-spawn monster count
 F = Spawn count percentage of total count
 G = Total turns spent on level
                    A         B        C        D         E        F      G
               +---------+---------+-------+---------+---------+-------+---------
         Total |       0 |   12355 |   0.0 |       0 |     266 |   0.0 |  7631
               +---------+---------+-------+---------+---------+-------+---------
           D:1 |       0 |      40 |   0.0 |       0 |      21 |   0.0 |   690
           D:2 |       0 |      61 |   0.0 |       0 |       9 |   0.0 |   272
           D:3 |       0 |      16 |   0.0 |       0 |      10 |   0.0 |   161
           D:4 |       0 |     345 |   0.0 |       0 |      21 |   0.0 |  1059
           D:5 |       0 |     742 |   0.0 |       0 |      36 |   0.0 |   763
           D:6 |       0 |    1117 |   0.0 |       0 |      21 |   0.0 |   592
           D:7 |       0 |     588 |   0.0 |       0 |      19 |   0.0 |  1016
           D:8 |       0 |    1881 |   0.0 |       0 |      32 |   0.0 |   656
           D:9 |       0 |    1833 |   0.0 |       0 |      45 |   0.0 |  1069
          D:10 |       0 |    3993 |   0.0 |       0 |      26 |   0.0 |   594
        Lair:1 |       0 |     254 |   0.0 |       0 |       2 |   0.0 |   204
        Lair:2 |       0 |     455 |   0.0 |       0 |       2 |   0.0 |    30
         Orc:1 |       0 |     876 |   0.0 |       0 |       6 |   0.0 |   202
       Ossuary |       0 |     154 |   0.0 |       0 |      16 |   0.0 |   186
               +---------+---------+-------+---------+---------+-------+---------
